 Dungeon Crawl Stone Soup version 0.24.0-2-g5b39cebb1c (webtiles) character file.

Game seed: 9963336908558415338, levelgen mode: deterministic

10 Esekla the Skirmisher (level 2, 21/21 HPs)
             Began as an Octopode Abyssal Knight on Oct 30, 2019.
             Was a Follower of Lugonu.
             Got out of the dungeon alive.
             The game lasted 00:02:31 (417 turns).

Esekla the Skirmisher (Octopode Abyssal Knight)      Turns: 417, Time: 00:02:32

Health: 21/21      AC:  1    Str: 11    XL:     2   Next: 20%
Magic:  3/3        EV: 13    Int: 14    God:    Lugonu [*.....]
Gold:   9          SH:  0    Dex: 11    Spells: 1/1 levels left

rFire    . . .     SeeInvis .   a - +1 falchion
rCold    . . .     Gourm    .   (no shield)
rNeg     . . .     Faith    .   c - +0 hat {MR+}
rPois    .         Spirit   .   e - amulet of inaccuracy (curse)
rElec    .         Reflect  .   (no ring)
rCorr    .         Harm     .   (no ring)
MR       +....                  (no ring)
Stlth    ++........             (no ring)
HPRegen  0.07/turn              (no ring)
MPRegen  0.08/turn              (no ring)
                                (no ring)
                                (no ring)

@: no status effects
A: almost no armour, stealthy swim, amphibious, 8 rings, constrict 8, camouflage
1, gelatinous body 1
a: Depart the Abyss, Renounce Religion


You escaped.
You worshipped Lugonu.
Lugonu was aware of your devotion.
You were not hungry.

You visited 1 branch of the dungeon, and saw 1 of its levels.
You visited the Abyss 1 time.

You collected 9 gold pieces.

Inventory:

Hand Weapons
 a - a +1 falchion (weapon)
Armour
 c - a +0 hat of magic resistance (worn)
Jewellery
 d - a cursed amulet of regeneration {unknown}
 e - a cursed amulet of inaccuracy (around mantle)
Wands
 f - a wand of iceblast (9)
Potions
 g - a potion of curing {unknown}
 h - a potion of agility {unknown}
Comestibles
 b - 2 rations


   Skills:
 + Level 3.3 Fighting
 * Level 2.2 Long Blades
 + Level 2.4 Dodging
 + Level 2.0 Invocations


You had one spell level left.
You didn't know any spells.
Your spell library was empty.

Dungeon Overview and Level Annotations

Branches:
Dungeon (1/15)

Altars:


Innate Abilities, Weirdness & Mutations

You cannot wear most types of armour.
You are very stealthy in the water. (Stealth+)
You are amphibious.
You can wear up to eight rings at the same time.
You can use your tentacles to constrict eight enemies at once.
Your skin changes colour to match your surroundings (Stealth+).
Your rubbery body absorbs attacks. (AC +1, EV +1)


Message History

The bat barely misses you. The bat hits you.
You closely miss the bat. Your grab misses the bat.
The bat is moderately wounded.
The bat completely misses you.
You barely miss the bat. Your grab misses the bat. Your squeeze misses the bat.
The bat is moderately wounded.
The bat closely misses you.
You riposte.
You closely miss the bat. Your grab misses the bat.
The bat is moderately wounded.
The bat hits you but does no damage. The bat closely misses you.
You riposte.
You barely miss the bat. Your grab misses the bat.
You squeeze the bat, but do no damage.
The bat is moderately wounded.
You hit the bat.
You kill the bat!
Lugonu accepts your kill.
There is a staircase leading out of the dungeon here.
Are you sure you want to leave the Dungeon?
This will make you lose the game!
You have escaped!

#..≈≈≈≈.≈≈≈≈.#
#..≈≈≈≈.≈(≈≈)#
#..≈≈≈≈.≈≈≈≈.#
#..≈≈≈≈.≈≈≈≈.######
#(.≈≈≈≈.≈≈≈≈......#
#..≈≈≈≈.≈≈≈≈..###.#
#..P≈≈...≈≈P..# #.#
##............# #.#
#.....@.....## #.#
#.÷.........# #.#
#.P≈≈...≈≈P.# #.#
#.≈≈≈≈.≈≈≈≈.# #†#
#.≈≈≈≈.≈≈≈≈.## #.#
#.≈≈≈≈.≈≈≈≈..# #.#
#.≈≈≈≈.≈≈≈≈..###.#
...≈≈≈≈.≈≈≈≈......#
##.≈≈≈≈.≈≈≈≈.#.####


There were no monsters in sight!

Vanquished Creatures
  A dart slug (D:1)
  4 jackals (D:1)
  2 bats (D:1)
  A kobold (D:1)
8 creatures vanquished.

Notes
Turn   | Place    | Note
-------+----------+-------------------------------------------
     0 | Abyss:1  | Esekla the Octopode Abyssal Knight began the quest for the
                  | Orb.
     0 | Abyss:1  | Reached XP level 1. HP: 16/16 MP: 2/2
    47 | Abyss:2  | Identified a scroll of acquirement
    62 | Abyss:2  | Noticed a smoke demon
    67 | D:1      | Escaped the Abyss
   135 | D:1      | Reached XP level 2. HP: 7/21 MP: 3/3
   141 | D:1      | Reached * piety under Lugonu
   417 | D:$      | Got out of the dungeon alive.

Levels and vault maps discovered:
D:1:      giann_bridges, layout_loops_ring

Action                   || total
-------------------------++-------
Melee: Falchion          ||    24
       Constrict         ||     6
       Tentacles         ||     5
Invok: Depart the Abyss  ||     1
  Use: Scroll            ||     1
Armor: Skin              ||     6
Dodge: Dodged            ||    36
       Rpst.: Falchion   ||    10
